 Dungeon Crawl Stone Soup version 0.28.0-47-ge53b351184 (webtiles) character file.

Game seed: 5045004080604041598

119 CryoSword the Skirmisher (level 5, 0/61 HPs)
             Began as an Ogre Berserker on Apr 27, 2022.
             Was a Believer of Trog.
             Slain by an orc wizard
             ... wielding a +0 dagger of venom
              (1 damage)
             ... on level 3 of the Dungeon.
             The game lasted 00:03:00 (2343 turns).

CryoSword the Skirmisher (Ogre Berserker)           Turns: 2343, Time: 00:03:00

Health: 0/61       AC:  3    Str: 21    XL:     5   Next: 3%
Magic:  5/5        EV: 10    Int:  8    God:    Trog [**....]
Gold:   102        SH:  0    Dex: 10    Spells: 4/4 levels left

rFire   . . .      SeeInvis .   a - +0 mace
rCold   . . .      Faith    .   (no shield)
rNeg    . . .      Spirit   .   b - +0 animal skin
rPois   .          Reflect  .   (helmet restricted)
rElec   .          Harm     .   (no cloak)
rCorr   .          Rampage  .   (gloves unavailable)
Will    ++...                   (boots unavailable)
Stlth   +.........              (no amulet)
HPRegen 1.20/turn               (no ring)
MPRegen 0.09/turn               (no ring)

@: lethally poisoned (0 -> 0), strong-willed, on berserk cooldown, regenerating,
slowed, very slow
A: large, unfitting armour, tough skin 1
a: Renounce Religion, Berserk, Trog's Hand


You were on level 3 of the Dungeon.
You worshipped Trog.
Trog was pleased with you.
You visited 1 branch of the dungeon, and saw 3 of its levels.

You collected 102 gold pieces.

Inventory:

Hand Weapons
 a - a +0 mace (weapon)
Missiles
 c - 2 curare-tipped darts (quivered)
 h - 3 atropa-tipped darts
Armour
 b - a +0 animal skin (worn)
Scrolls
 g - a scroll of magic mapping {unknown}
 i - a scroll of fog {unknown}
 j - a scroll of amnesia {unknown}
Potions
 d - a potion of berserk rage {unknown}
 e - a potion of heal wounds {unknown}
 f - a potion of magic


   Skills:
 * Level 6.4 Fighting
 + Level 3.6 Maces & Flails
 - Level 2.6 Dodging


You had 4 spell levels left.
You didn't know any spells.
Your spell library was empty.

Dungeon Overview and Level Annotations

Branches:
Dungeon (3/15)

Altars:

Annotations:
D:3 2 transporters, dandone's ghost, amateur DrFi


Innate Abilities, Weirdness & Mutations

You are too large for most types of armour.
You have tough skin. (AC +1)


Message History

No target in view!
You now have 77 gold pieces (gained 9).
j - a scroll labelled KAUMPIOZOW
Found an Everburning Encyclopedia.
You now have 92 gold pieces (gained 15).
A dart slug comes into view.
A dart slug is nearby!
A dart slug is nearby!
A dart slug is nearby!
You sock the dart slug!
You kill the dart slug!
Trog accepts your kill.
No target in view!
Could not explore, unopened door.
Could not explore, unopened door.
You open the door.
There is an open door here.
You now have 102 gold pieces (gained 10).
Found a scale mail.
Found a transporter.
Dandone's ghost turns its malevolent gaze towards you.
You open the door.
Found a transporter.
There is an open door here.
Dandone's ghost wails, "You must not succeed where I failed!"
A rat comes into view.
A rat is nearby!
A rat is nearby!
A rat is nearby!
An orc wizard and an orc come into view.
The orc shouts!
You hear a shout!
You hear an angry hiss.
The orc wizard gestures at you while chanting.
The puff of flame hits you!
An orc comes into view. It is wielding a +0 club.
The orc shouts!
You barely miss the rat. The rat bites you.
You hit the rat.
You kill the rat!
Trog accepts your kill.
An orc wizard comes into view. It is wielding a +0 dagger.
Found 15 gold pieces.
You barely miss the orc wizard.
The orc wizard hits you but does no damage.
Your skin crawls.
You feel strong-willed.
The orc wizard points at you and mumbles some strange words.
The magic dart hits you.
A red film seems to cover your vision as you go berserk!
You feel yourself moving faster!
You feel mighty!
The orc wizard hits you but does no damage.
The orc barely misses you. The orc hits you with a +0 dagger.
You miss the orc wizard.
The orc wizard points at you and mumbles some strange words.
The puff of flame hits you! The orc barely misses you.
You hit the orc wizard. The orc hits you with a +0 dagger.
The orc wizard hits you with a +0 dagger.
The orc hits you with a +0 club.
You barely miss the orc wizard.
You feel the effects of Trog's Hand fading.
The orc wizard completely misses you.
You sock the orc wizard!
You kill the orc wizard!
Trog accepts your kill.
Trog appreciates your killing of a magic user.
The orc hits you with a +0 club.
Your Fighting skill increases to level 6!
You closely miss the orc wizard. The orc hits you with a +0 club.
The orc wizard closely misses you. The orc barely misses you.
You closely miss the orc wizard. The orc hits you with a +0 club.
The orc wizard hits you with a +0 dagger.
* * * LOW HITPOINT WARNING * * *
The orc hits you but does no damage.
You closely miss the orc wizard. The orc hits you but does no damage.
The orc wizard closely misses you.
You thump the orc wizard! The orc hits you with a +0 dagger.
* * * LOW HITPOINT WARNING * * *
The orc hits you with a +0 club.
* * * LOW HITPOINT WARNING * * *
The orc wizard barely misses you.
You miss the orc wizard. The orc hits you with a +0 dagger.
* * * LOW HITPOINT WARNING * * *
The orc closely misses you.
You closely miss the orc wizard.
Your skin stops crawling.
You feel less strong-willed.
The orc wizard hits you but does no damage.
The orc closely misses you. x2
You hit the orc wizard but do no damage.
The orc wizard barely misses you. The orc hits you but does no damage.
You sock the orc wizard!
You kill the orc wizard!
Trog accepts your kill.
Trog appreciates your killing of a magic user.
The orc hits you with a +0 club.
* * * LOW HITPOINT WARNING * * *
You have reached level 5!
You sock the orc!
You kill the orc!
Trog accepts your kill. The orc hits you but does no damage.
You closely miss the orc. The orc hits you with a +0 dagger.
* * * LOW HITPOINT WARNING * * *
An orc wizard comes into view. It is wielding a +0 dagger of venom.
You barely miss the orc.
An adder comes into view.
The orc hits you with a +0 dagger.
* * * LOW HITPOINT WARNING * * *
You sock the orc!
You kill the orc!
Trog accepts your kill.
Found a wooden wand.
You are no longer berserk.
You are exhausted.
You feel yourself slow down.
Things that are here:
a +0 dagger; a +0 leather armour A frilled lizard comes into view.
Your skin crawls.
You feel strong-willed.
You closely miss the orc wizard.
The frilled lizard hisses angrily.
The orc wizard mumbles some strange words.
The orc wizard flickers and vanishes!
Deactivating autopickup; reactivate with Ctrl-A.
Something hits you but does no damage. The adder misses you.
You miss something. The adder barely misses you. Something hits you.
* * * LOW HITPOINT WARNING * * *
You are poisoned.
The adder bites you.
* * * LOW HITPOINT WARNING * * *
You hear some strange, mumbled words.
A puff of flame appears from out of thin air!
The puff of flame hits you!
* * * LOW HITPOINT WARNING * * *
You feel sick. The adder closely misses you.
You closely miss the adder.
You feel sick. The adder closely misses you. Something hits you.
* * * LOW HITPOINT WARNING * * *
You are more poisoned.
The adder closely misses you. Something hits you.
* * * LOW HITPOINT WARNING * * *
You feel sick. The adder barely misses you. Something hits you.
* * * LOW HITPOINT WARNING * * *
You feel sick. The adder bites you.
* * * LOW HITPOINT WARNING * * *
It was a potion of magic.
Magic courses through your body.
You feel sick. The adder bites you.
* * * LOW HITPOINT WARNING * * *
Something hits you.
* * * LOW HITPOINT WARNING * * *
The adder closely misses you. Something hits you.
You die...

.......#......... $#..#
......©#..... ..../#©.###
.......#.Z... ... #....
#####..#W.#8# #..#...#
#..#..###.###..#...####..
#..#...........#.........
#..#...... #.)..#
#..#############..).#
#...........@Sl..)).#
#............{....#..#
###################.....
...#l# #.... .#.# ..#


You could see an adder and a frilled lizard.

Vanquished Creatures
  2 orc wizards (D:3)
  A worm (D:2)
  3 dart slugs
  2 orcs (D:3)
  4 endoplasms
  A giant cockroach (D:2)
  5 goblins
  7 hobgoblins
  3 jackals (D:1)
  2 quokkas
  4 ball pythons
  7 bats
  A frilled lizard (D:1)
  6 kobolds
  8 rats
56 creatures vanquished.

Notes
Turn   | Place    | Note
-------+----------+-------------------------------------------
     0 | D:1      | CryoSword the Ogre Berserker began the quest for the Orb.
     0 | D:1      | Reached XP level 1. HP: 24/24 MP: 1/1
   275 | D:1      | Reached XP level 2. HP: 33/33 MP: 2/2
   853 | D:1      | Reached skill level 5 in Fighting
   951 | D:1      | Reached XP level 3. HP: 42/42 MP: 3/3
  1525 | D:2      | Reached ** piety under Trog
  1751 | D:2      | Found a faded altar of an unknown god.
  2025 | D:3      | Reached XP level 4. HP: 52/52 MP: 4/4
  2275 | D:3      | Found a transporter.
  2280 | D:3      | Noticed dandone's ghost (amateur DrFi)
  2284 | D:3      | Found a transporter.
  2320 | D:3      | Reached skill level 6 in Fighting
  2328 | D:3      | Reached XP level 5. HP: 37/61 MP: 5/5
  2343 | D:3      | HP: 2/61 [adder (4)]
  2343 | D:3      | Slain by an orc wizard

Illustrated notes

Levels and vault maps discovered:
D:1:      scummos_arrival_gate, layout_basic
D:2:      layout_rooms, hellmonk_ecumenical_altar_crossroads
D:3:      layout_basic, gammafunk_ghost_mausoleum, uniq_grinder

Skill      XL: |  1  2  3  4 |
---------------+-------------+-----
Maces & Flails | 3 |  3.6
Fighting       | 5 6 |  6.4
Dodging        | |  2.6

Action                   |  1- 3 |  4- 6 || total
-------------------------+-------+-------++-------
Melee: Mace              |   130 |    33 ||   163
       Punch             |     1 |       ||     1
Invok: Berserk           |     4 |     1 ||     5
       Trog's Hand       |       |     2 ||     2
  Use: Potion            |       |     1 ||     1
 Stab: Sleeping          |     1 |     1 ||     2
Armor: Animal skin       |    49 |    10 ||    59
Dodge: Dodged            |    82 |    22 ||   104
